cohdb
Replays
Latest Replays
All Replays
Popular Replays
Top Player Replays
Match Explorer
How It Works
Community
CoH3 Stats
Reddit
Sign in to upload your games and track your stats! →
Sign in with Steam
Match 34518940
Unlisted
Match 34518940
Overview
Messages
Build Orders
End
Pioneer Squad
Construct Infanterie Kompanie
Grenadier Squad
Grenadier Squad
Selects Breakthrough Battlegroup
Selects Assault Grenadiers
Grenadier Squad
Infanterie Officer Quarters
Selects Rapid Production
MG 42 Machine Gun Team
Construct Panzergrenadier Kompanie
Pak 40 Anti-tank Gun Team
Medical Station
Selects Smoke Bombing Run
Smoke Bombing Run
251 Medium Carrier
Panzergrenadier Squad
Panzergrenadier Officer Quarters
Pioneer Squad
Smoke Bombing Run
Pak 40 Anti-tank Gun Team
Selects Blitzkrieg
Selects Panzer IV Command Tank Sd.Kfz. 161/1
Panzer IV Command Tank
Selects Incendiary Bombing Run
Pioneer Squad
Reakly
Stana
0
0
Comments
sign in to comment!
No comments posted yet!